[Event "Titled Tuesday Blitz August 02 Early 2022"]
[White "Clarke, Brandon G I"]
[Black "Oparin, Grigoriy"]
[WhiteFideId "400319"]
[BlackFideId "24125890"]
[WhiteElo "2414"]
[BlackElo "2639"]
[Result "1/2-1/2"]
[Round "03"]
[TimeControl "180+1"]
[Date "2022.08.02"]
[WhiteClock "0:00:23"]
[BlackClock "0:00:07"]

1. e4 e5 2. Nf3 Nc6 3. Bb5 Nf6 4. O-O Nxe4 5. Re1 Nd6 6. Bf1 Be7 7. Nc3 e4 8. Nxe4 Nxe4 9. Rxe4 O-O 10. d4 d5 11. Re1 Re8 12. c3 Bf5 13. Qb3 Na5 14. Qa4 c6 15. Bf4 b5 16. Qd1 Nc4 17. b3 Nd6 18. Ne5 Rc8 19. Bd3 Bxd3 20. Qxd3 f6 21. Nf3 Qd7 22. Re2 Ne4 23. Ne1 Bf8 24. f3 Nd6 25. Rxe8 Rxe8 26. Qd2 Nf5 27. Nd3 g5 28. Bg3 h5 29. Re1 Kf7 30. Rxe8 Qxe8 31. Bf2 Bd6 32. g3 g4 33. Qd1 Nh6 34. Kg2 Qe6 35. a4 bxa4 36. bxa4 Qf5 37. Ne1 Qe6 38. Qd3 Nf5 39. Nc2 Kg7 40. a5 Ne7 41. a6 Nf5 42. Kf1 Bc7 43. Nb4 Ne7 44. Qe2 Qxe2+ 45. Kxe2 Kf7 46. Be3 Bd6 47. Nd3 Ng6 48. Nf2 f5 49. Nd3 Ke6 50. Bg5 Kd7 51. Ke3 Kc7 52. Nc5 Kb6 53. Bd8+ Kb5 54. Ne6 Kxa6 55. Ng7 f4+ 56. Kf2 fxg3+ 57. hxg3 gxf3 58. Nxh5 Kb5 59. Kxf3 a5 60. Ke2 a4 61. Kd3 a3 62. Kc2 Kc4 63. Ba5 Ne7 64. g4 Ng6 65. Nf6 Nf4 66. g5 Be7 67. Nh7 Kb5 68. Bc7 Ng2 69. Kb3 Ne3 70. g6 Nf5 71. Be5 c5 72. dxc5 Bxc5 73. Nf6 d4 74. cxd4 Bxd4 75. Ng4 Bxe5 76. Nxe5 Kc5 77. Kxa3 Ng7 78. Nf7 Kd5 79. Kb3 Ke6 80. Kc4 Kf6 81. Nh8 Nh5 82. Kd5 Nf4+ 83. Ke4 Nxg6 1/2-1/2


[Site "https://www.chess.com"]

[Event "Titled Tuesday Blitz August 02 Early 2022"]
[White "Concio, Michael Jr."]
[Black "Seo, Jung Min"]
[WhiteFideId "5217873"]
[BlackFideId "1734687"]
[WhiteElo "1896"]
[BlackElo "2414"]
[Result "1-0"]
[Round "03"]
[TimeControl "180+1"]
[Date "2022.08.02"]
[WhiteClock "0:00:06"]
[BlackClock "0:01:15"]

1. e4 c5 2. Nc3 d6 3. g3 g6 4. Bg2 Bg7 5. Nge2 Nc6 6. O-O e6 7. d3 Nge7 8. Be3 Nd4 9. Qd2 O-O 10. Rae1 Rb8 11. Nd1 b5 12. c3 Nxe2+ 13. Rxe2 b4 14. c4 Nc6 15. f4 Nd4 16. Ref2 f5 17. h3 Bb7 18. Kh2 a5 19. exf5 Nxf5 20. Bxb7 Rxb7 21. Re2 Nxe3 22. Qxe3 e5 23. Ref2 Rbf7 24. fxe5 Rxf2+ 25. Rxf2 Rxf2+ 26. Nxf2 Bxe5 27. b3 Bd4 28. Qe6+ Kg7 29. Ne4 Be5 30. Kg2 Qc7 31. h4 h6 32. Qe8 Qf7 33. Qxf7+ Kxf7 34. Kf3 Ke6 35. g4 Bd4 36. Ng3 d5 37. h5 gxh5 38. Nxh5 Be5 39. Nf4+ Kd6 40. Nxd5 Bb2 41. Ke4 Ke6 42. Nf4+ Kf6 43. Nh5+ Kg5 44. Kf3 Bd4 45. Nf4 Bg1 46. Nh3+ 1-0


[Site "https://www.chess.com"]

[Event "Titled Tuesday Blitz August 02 Early 2022"]
[White "Csonka, Balazs"]
[Black "Fedoseev, Vladimir"]
[WhiteFideId "742910"]
[BlackFideId "24130737"]
[WhiteElo "2404"]
[BlackElo "2726"]
[Result "0-1"]
[Round "03"]
[TimeControl "180+1"]
[Date "2022.08.02"]
[WhiteClock "0:00:02"]
[BlackClock "0:00:25"]

1. d4 Nf6 2. c4 e6 3. Nf3 d5 4. Nc3 h6 5. e3 Nbd7 6. b3 b6 7. cxd5 Bb4 8. Bd2 Bxc3 9. Bxc3 Nxd5 10. Bb2 Bb7 11. Bd3 O-O 12. O-O c5 13. Rc1 Rc8 14. Re1 Qe7 15. Bb1 Rfd8 16. e4 N5f6 17. d5 exd5 18. exd5 Qd6 19. Nh4 Qxd5 20. Qxd5 Bxd5 21. Nf5 Kf8 22. Ne7 Rb8 23. Rcd1 Re8 24. Nxd5 Rxe1+ 25. Rxe1 Nxd5 26. Rd1 N7f6 27. f3 Re8 28. Kf2 Nf4 29. Rd2 Ne6 30. Bf5 Rd8 31. Rxd8+ Nxd8 32. Ke3 Ke7 33. g4 Nc6 34. h4 g6 35. Bb1 Nd5+ 36. Kf2 Nd4 37. g5 hxg5 38. hxg5 Ke6 39. Be4 Ke5 40. Kg3 Ne3 41. Bb7 Nd1 42. f4+ Ke6 43. Bxd4 cxd4 44. Kf3 Nc3 45. a3 Kd6 46. Bc8 d3 47. Ke3 Nd5+ 48. Kxd3 Nxf4+ 49. Kc4 Ne6 50. Kb5 Nxg5 51. Ka6 Kc7 52. Bb7 Kb8 53. Bd5 Ne6 54. b4 Nc7# 0-1


[Site "https://www.chess.com"]

[Event "Titled Tuesday Blitz August 02 Early 2022"]
[White "Demchenko, Anton"]
[Black "Williams, Simon K"]
[WhiteFideId "4160258"]
[BlackFideId "404454"]
[WhiteElo "2539"]
[BlackElo "2468"]
[Result "1-0"]
[Round "03"]
[TimeControl "180+1"]
[Date "2022.08.02"]
[WhiteClock "0:00:08"]
[BlackClock "0:00:12"]

1. e4 d6 2. d4 Nf6 3. Nc3 Nbd7 4. f4 e5 5. Nf3 exd4 6. Qxd4 c6 7. Bd2 d5 8. exd5 Bc5 9. Qd3 O-O 10. O-O-O Qc7 11. Ng5 g6 12. Nge4 Nxe4 13. Nxe4 cxd5 14. Qxd5 Be7 15. Qd4 Nb6 16. Bc3 f6 17. Bd3 Bg4 18. Rde1 Rad8 19. Qf2 Nd5 20. Kb1 Bf5 21. Bd2 Nb4 22. Bxb4 Bxb4 23. Rd1 Kg7 24. Qf3 Qb6 25. Ka1 Be6 26. c3 Qa5 27. Bb1 Be7 28. Rde1 Bd5 29. f5 g5 30. h4 Rd6 31. hxg5 Ra6 32. Rxh7+ Kxh7 33. Qh5+ Kg8 34. Qg6+ 1-0


[Site "https://www.chess.com"]

[Event "Titled Tuesday Blitz August 02 Early 2022"]
[White "Dimitrov, Atanas"]
[Black "Harmon-Vellotti, Luke"]
[WhiteFideId "2901315"]
[BlackFideId "2030012"]
[WhiteElo "2674"]
[BlackElo "2354"]
[Result "0-1"]
[Round "03"]
[TimeControl "180+1"]
[Date "2022.08.02"]
[WhiteClock "0:00:25"]
[BlackClock "0:00:21"]

1. Nf3 Nf6 2. c4 e6 3. Nc3 b6 4. g3 Bb7 5. Bg2 Be7 6. O-O O-O 7. b3 d5 8. cxd5 exd5 9. d4 Nbd7 10. Bb2 a6 11. Rc1 Bd6 12. Qc2 Re8 13. e3 Qe7 14. Rfd1 Rac8 15. Ne2 h6 16. Nh4 g6 17. Qd3 Ne4 18. Nf3 Kh7 19. Nf4 g5 20. Ne2 f5 21. Nd2 Ndf6 22. Rc2 Kg7 23. Nf3 Nd7 24. Ne1 Qe6 25. Bh3 Kg6 26. f3 Nef6 27. Bc1 h5 28. g4 hxg4 29. fxg4 Kg7 30. Qxf5 Qxf5 31. gxf5 Rh8 32. Bg2 Bxh2+ 33. Kf1 Bd6 34. Nf3 g4 35. Ng5 Rh5 36. Ne6+ Kf7 37. N6f4 Rxf5 38. Bd2 Rg5 39. Rdc1 g3 40. Ng1 Ng4 41. Nf3 Nh2+ 42. Ke2 Nxf3 43. Bxf3 Nf6 44. Rh1 Re8 45. Ng2 a5 46. e4 dxe4 47. Bxg5 exf3+ 48. Kd1 fxg2 49. Rg1 Bf3+ 50. Kc1 Ne4 51. Be3 Rh8 52. Kb2 Rh1 53. Rcc1 Rxg1 54. Rxg1 Ke6 55. Kc2 Kf5 56. Kd3 Ng5 57. Bxg5 Kxg5 58. Ke3 Kg4 59. Rc1 Bd5 0-1


[Site "https://www.chess.com"]

[Event "Titled Tuesday Blitz August 02 Early 2022"]
[White "Gareyev, Timur"]
[Black "Madaminov, Mukhiddin"]
[WhiteFideId "14200937"]
[BlackFideId "14210703"]
[WhiteElo "2559"]
[BlackElo "2011"]
[Result "1/2-1/2"]
[Round "03"]
[TimeControl "180+1"]
[Date "2022.08.02"]
[WhiteClock "0:00:07"]
[BlackClock "0:00:04"]

1. d4 Nf6 2. c4 g6 3. Nc3 d5 4. Nf3 Bg7 5. e3 O-O 6. b4 b6 7. Ba3 c5 8. bxc5 bxc5 9. Bxc5 Na6 10. Ba3 Qa5 11. Bb2 Rb8 12. Qd2 Bf5 13. Nb5 Qxd2+ 14. Nxd2 Nb4 15. Rc1 a6 16. Nc3 Nxa2 17. Nxa2 Rxb2 18. Nc3 dxc4 19. Nxc4 Rb4 20. Ne5 Rc8 21. Bxa6 Rxc3 22. Rxc3 Rb1+ 23. Ke2 Ne4 24. Rhc1 Rb2+ 25. Ke1 Nxc3 26. Rxc3 Bxe5 27. dxe5 Rb6 28. Bd3 Bxd3 29. Rxd3 Kg7 30. Ke2 e6 31. f4 h6 32. Kf3 h5 33. g3 Rb2 34. h3 Rh2 35. h4 Rb2 36. Rd7 Rb5 37. Rd2 Rb4 38. Rg2 Rb3 39. g4 hxg4+ 40. Rxg4 Kh6 41. Rg5 Rb8 42. Kg4 Rb3 43. Kf3 Rb1 44. Rg2 Rh1 45. Kg3 Re1 46. Kf3 Rh1 47. Rg4 Kh5 48. Rg5+ Kxh4 49. Rg2 Kh5 50. Rd2 Kh6 51. Rd7 Kg7 52. Ke4 Rh4 53. Rc7 g5 54. Kf3 Kg6 55. Rd7 Rh3+ 56. Ke4 g4 57. Rd8 Kg7 58. Rd1 Rg3 59. Rh1 Rg2 60. Rh5 Kg6 61. Rg5+ Kh6 62. Kd3 Kh7 63. e4 Kh6 64. Ke3 Rg3+ 65. Ke2 Kh7 66. Rh5+ Kg6 67. Rg5+ Kh6 68. Kd2 Rg2+ 69. Ke3 Rg3+ 70. Ke2 Kh7 71. Rh5+ Kg6 72. Rg5+ Kh6 73. Kd2 Rg1 74. Ke3 Rg2 75. Kd3 Rg3+ 76. Kd4 Rg1 77. Kc5 g3 78. Kd6 Rf1 79. Rxg3 Rxf4 80. Ke7 Rxe4 81. Kxf7 Rxe5 82. Rg6+ Kh5 83. Rxe6 Rxe6 84. Kxe6 1/2-1/2


[Site "https://www.chess.com"]

[Event "Titled Tuesday Blitz August 02 Early 2022"]
[White "Gurel, Ediz"]
[Black "Navarrete Mendez, Gonzalo Alberto"]
[WhiteFideId "44507356"]
[BlackFideId "5106850"]
[WhiteElo "1894"]
[BlackElo "2261"]
[Result "1-0"]
[Round "03"]
[TimeControl "180+1"]
[Date "2022.08.02"]
[WhiteClock "0:00:04"]
[BlackClock "0:00:01"]

1. e4 e5 2. Nf3 Nc6 3. Bb5 a6 4. Ba4 d6 5. O-O Bd7 6. c3 Nge7 7. Re1 Ng6 8. d4 Be7 9. d5 Nb8 10. c4 h6 11. Nc3 Bg5 12. Be3 Bxe3 13. fxe3 O-O 14. b4 a5 15. a3 f5 16. exf5 Bxf5 17. Bc2 Qd7 18. Bxf5 Qxf5 19. Rf1 axb4 20. axb4 Rxa1 21. Qxa1 Qd3 22. c5 Qxe3+ 23. Kh1 Nf4 24. cxd6 cxd6 25. Qe1 Qd3 26. Ne4 Qxd5 27. Qe3 Nd7 28. h3 Nf6 29. Nc3 Qc4 30. Rd1 N6d5 31. Nxd5 Nxd5 32. Qd2 Nf4 33. Qxd6 Qe2 34. Qd2 Qe4 35. Re1 Qc4 36. Nxe5 Qd5 37. Qxd5+ Nxd5 38. b5 Rf5 39. Nc4 Nc3 40. Re8+ Kh7 41. b6 Rc5 42. Nd6 Rc6 43. Nxb7 Rxb6 44. Nc5 Rb1+ 45. Kh2 Rc1 46. Nd3 Rd1 47. Nf4 Rf1 48. Ne6 Rf7 49. Nf8+ Kg8 50. Ne6+ Kh7 51. h4 1-0


[Site "https://www.chess.com"]

[Event "Titled Tuesday Blitz August 02 Early 2022"]
[White "Hafiz, Arif Abdul"]
[Black "Manukyan, Sargis A."]
[WhiteFideId "7104227"]
[BlackFideId "13303970"]
[WhiteElo "2198"]
[BlackElo "2187"]
[Result "0-1"]
[Round "03"]
[TimeControl "180+1"]
[Date "2022.08.02"]
[WhiteClock "0:00:02"]
[BlackClock "0:00:08"]

1. e4 e6 2. d4 d5 3. Nc3 Bb4 4. e5 c5 5. Bd2 Ne7 6. Nb5 Bxd2+ 7. Qxd2 O-O 8. f4 Nbc6 9. Nf3 cxd4 10. Bd3 f6 11. O-O-O fxe5 12. fxe5 Nf5 13. Bxf5 Rxf5 14. Nbxd4 Nxd4 15. Qxd4 Bd7 16. Qe3 Rc8 17. Nd4 Qc7 18. Rhe1 b5 19. Rd2 Rf7 20. Rf2 Rcf8 21. Rxf7 Rxf7 22. Nf3 b4 23. Rd1 a5 24. Rd4 Rf8 25. Rd2 Be8 26. Nd4 Bg6 27. Qh3 Qc4 28. Qxe6+ Kh8 29. Nf3 Be4 30. Qd6 Rc8 31. Ne1 Qxa2 32. Kd1 Qxb2 33. e6 Qf6 34. Qd7 Rg8 35. e7 Bg6 36. Nf3 Re8 37. Re2 h5 0-1


[Site "https://www.chess.com"]

[Event "Titled Tuesday Blitz August 02 Early 2022"]
[White "Hakobyan, Aram"]
[Black "Goltsev, Dmitry"]
[WhiteFideId "13306677"]
[BlackFideId "24176710"]
[WhiteElo "2557"]
[BlackElo "2258"]
[Result "1-0"]
[Round "03"]
[TimeControl "180+1"]
[Date "2022.08.02"]
[WhiteClock "0:00:21"]
[BlackClock "0:00:07"]

1. Nf3 d5 2. g3 c6 3. Bg2 Nf6 4. O-O g6 5. b3 Bg7 6. Bb2 O-O 7. c4 Nbd7 8. d4 e6 9. Nc3 Re8 10. Qc2 a6 11. e4 dxe4 12. Nxe4 Nxe4 13. Qxe4 Qe7 14. Rad1 c5 15. Qe2 cxd4 16. Nxd4 e5 17. Nc2 Nc5 18. Ne3 e4 19. Nd5 Qd6 20. Nf6+ Qxf6 21. Bxf6 Bxf6 22. Qe3 b6 23. Rd6 Be7 24. Rxb6 Bf5 25. Rd1 Nd7 26. Rxd7 Bxd7 27. Bxe4 Rad8 28. Bd5 Bf5 29. Qf3 Bc5 30. Rc6 Bd4 31. Bxf7+ Kxf7 32. g4 Re5 33. gxf5 Rxf5 34. Qe2 Rxf2 35. Rc7+ Kg8 36. Qe6+ Kh8 37. Rd7 Rf6+ 38. Rxd4 Rxe6 39. Rxd8+ Kg7 40. Kf2 Kf6 41. c5 Ke5 42. b4 Ke4 43. Rd1 Rf6+ 44. Ke2 Rf4 45. Rc1 Kd5 46. c6 Rf8 47. a4 Rb8 48. b5 axb5 49. c7 Re8+ 50. Kd3 bxa4 51. c8=Q Rxc8 52. Rxc8 Ke5 53. Ra8 Kf4 54. Rxa4+ Kf3 55. Ra7 h5 56. Rg7 Kg2 57. Rxg6+ Kxh2 58. Ke2 h4 59. Kf3 h3 60. Rg3 1-0


[Site "https://www.chess.com"]

[Event "Titled Tuesday Blitz August 02 Early 2022"]
[White "Horobetz, Graham"]
[Black "Xu, Yi"]
[WhiteFideId "2047322"]
[BlackFideId "8605564"]
[WhiteElo "2606"]
[BlackElo "2471"]
[Result "0-1"]
[Round "03"]
[TimeControl "180+1"]
[Date "2022.08.02"]
[WhiteClock "0:00:01"]
[BlackClock "0:00:16"]

1. e4 c6 2. d4 d5 3. Nc3 dxe4 4. Nxe4 Nf6 5. Nxf6+ exf6 6. c3 Bd6 7. Bd3 O-O 8. Qc2 h5 9. Ne2 h4 10. Bd2 Nd7 11. h3 Re8 12. O-O-O Nf8 13. Rdg1 Be6 14. g3 Bd5 15. gxh4 Bxh1 16. Rxh1 Qa5 17. Kb1 Qh5 18. Ng3 Qf3 19. Be4 Qxf2 20. Nh5 Qxh4 21. Bf3 Ne6 22. Rg1 Ng5 23. Bg4 Re7 24. Qf5 Rae8 25. Nxf6+ gxf6 26. Qxf6 Re1+ 27. Rxe1 Rxe1+ 28. Kc2 Be7 29. Qf5 Re6 30. Qf4 Rf6 31. Qb8+ Bf8 32. Qxb7 Ne4 33. Be3 Qg3 0-1


[Site "https://www.chess.com"]

[Event "Titled Tuesday Blitz August 02 Early 2022"]
[White "Itgelt, Khuyagtsogt"]
[Black "Salem, A.R. Saleh"]
[WhiteFideId "4902912"]
[BlackFideId "9301348"]
[WhiteElo "2012"]
[BlackElo "2679"]
[Result "1-0"]
[Round "03"]
[TimeControl "180+1"]
[Date "2022.08.02"]
[WhiteClock "0:00:05"]
[BlackClock "0:00:09"]

1. d4 Nf6 2. c4 g6 3. Nc3 Bg7 4. e4 O-O 5. Nf3 d6 6. Be2 e5 7. d5 a5 8. Bg5 h6 9. Be3 Ng4 10. Bd2 Na6 11. h3 Nf6 12. Be3 Nh5 13. g3 f5 14. exf5 gxf5 15. Nh4 f4 16. Bxh5 fxe3 17. fxe3 e4 18. Ng6 Rf5 19. Bg4 Nc5 20. Bxf5 Nd3+ 21. Kd2 Bxf5 22. Qh5 Bxg6 23. Qxg6 Nxb2 24. Qxe4 Qf6 25. Qe6+ Qxe6 26. dxe6 Nxc4+ 27. Kd3 Ne5+ 28. Ke2 Re8 29. Rab1 Rxe6 30. Rxb7 Nc4 31. Nd5 c6 32. Re7 Rg6 33. Nf4 Rg5 34. Rb1 Bb2 35. Kd3 d5 36. g4 Kf8 37. Rb7 Ke8 38. R1xb2 Nxb2+ 39. Rxb2 Kd7 40. Rb7+ Kd6 41. Rh7 Rg8 42. Rxh6+ Kc5 43. Ne6+ Kb4 44. Nd4 c5 45. Rb6+ Ka4 46. Nc6 Rg6 47. e4 c4+ 48. Kd4 dxe4 49. Kxc4 e3 50. Kd3 Re6 51. Ke2 Ka3 52. g5 a4 53. h4 Kxa2 54. Nb4+ 1-0


[Site "https://www.chess.com"]

[Event "Titled Tuesday Blitz August 02 Early 2022"]
[White "Izoria, Zviad"]
[Black "Cappelletto, Joshuaede"]
[WhiteFideId "13601733"]
[BlackFideId "2824383"]
[WhiteElo "2626"]
[BlackElo "1761"]
[Result "1-0"]
[Round "03"]
[TimeControl "180+1"]
[Date "2022.08.02"]
[WhiteClock "0:01:23"]
[BlackClock "0:01:19"]

1. Nf3 Nf6 2. c4 g6 3. Nc3 Bg7 4. e4 d6 5. d4 O-O 6. Be2 e5 7. O-O Nc6 8. d5 Ne7 9. Kh1 a5 10. Ne1 Nd7 11. Be3 f5 12. f3 Nc5 13. Nd3 b6 14. a3 a4 15. Nxc5 bxc5 16. Nxa4 Bd7 17. Nc3 Qb8 18. Qc2 f4 19. Bf2 g5 20. Nb5 h5 21. b4 g4 22. bxc5 Ng6 23. c6 Bc8 24. Rab1 Ba6 25. Nxd6 Qd8 26. Nf5 Qg5 27. h4 gxh3 28. gxh3 Bc8 29. Rg1 Qd8 30. Rxg6 Bxf5 31. exf5 Rxa3 32. Rbg1 Rf7 33. f6 1-0


[Site "https://www.chess.com"]

[Event "Titled Tuesday Blitz August 02 Early 2022"]
[White "Kamsky, Gata"]
[Black "Atakhan, Abtin"]
[WhiteFideId "2000024"]
[BlackFideId "22502203"]
[WhiteElo "2645"]
[BlackElo "2087"]
[Result "1-0"]
[Round "03"]
[TimeControl "180+1"]
[Date "2022.08.02"]
[WhiteClock "0:00:22"]
[BlackClock "0:00:01"]

1. d4 Nf6 2. Nf3 g6 3. c3 Bg7 4. Bg5 O-O 5. Nbd2 d5 6. e3 Nbd7 7. Be2 c5 8. O-O b6 9. a4 a6 10. Qb3 Bb7 11. Rfd1 h6 12. Bh4 Bc6 13. Ne5 Nxe5 14. dxe5 Nd7 15. f4 Qe8 16. Bf3 e6 17. c4 dxc4 18. Nxc4 Bxf3 19. gxf3 Qc8 20. Qd3 Ra7 21. Be7 Nxe5 22. fxe5 Rxe7 23. f4 Qb7 24. Kf2 f6 25. exf6 Bxf6 26. Nd6 Qc6 27. Qxg6+ Rg7 28. Qe4 Bh4+ 29. Kf3 Qd7 30. Ke2 e5 31. Qd5+ Kh8 32. Qxe5 Bf6 33. Qf5 Qc6 34. Qd5 Qd7 35. Rg1 Qh3 36. Rxg7 Bxg7 37. Rg1 Qxh2+ 38. Qg2 Qxg2+ 39. Rxg2 Bxb2 40. Nc4 Bc3 41. Nxb6 Rb8 42. Nc4 Rb4 43. Kd3 Bf6 44. Rg6 Rb3+ 45. Ke4 Bg7 46. Rxa6 Rb4 47. Kd5 1-0


[Site "https://www.chess.com"]

[Event "Titled Tuesday Blitz August 02 Early 2022"]
[White "Kevlishvili, Robby"]
[Black "Mindlin, Alon"]
[WhiteFideId "1040634"]
[BlackFideId "2800071"]
[WhiteElo "2577"]
[BlackElo "2390"]
[Result "1-0"]
[Round "03"]
[TimeControl "180+1"]
[Date "2022.08.02"]
[WhiteClock "0:00:09"]
[BlackClock "0:00:02"]

1. e4 e5 2. Nf3 Nc6 3. Bb5 a6 4. Ba4 Nf6 5. d3 b5 6. Bb3 Be7 7. a4 Bb7 8. axb5 axb5 9. Rxa8 Bxa8 10. Nc3 b4 11. Nd5 O-O 12. O-O d6 13. Bd2 Nxd5 14. Bxd5 Kh8 15. Qa1 b3 16. cxb3 Nd4 17. Nxd4 Bxd5 18. exd5 exd4 19. Qa4 Bf6 20. Re1 Qa8 21. Qc4 Qb7 22. Ba5 Qa8 23. b4 h5 24. Qc6 Qb8 25. Qxc7 Qb5 26. Qc4 Re8 27. Rc1 Qd7 28. Qc6 Qe7 29. b5 Qe2 30. h3 Bh4 31. Rf1 Kh7 32. b6 Re5 33. b7 Rg5 34. Bd8 Bxf2+ 35. Rxf2 Qe1+ 36. Rf1 Qe3+ 37. Kh1 Rg6 38. Qc2 Qe8 39. b8=Q Rxg2 40. Qxg2 Qb5 41. Qe4+ f5 42. Qxf5+ 1-0


[Site "https://www.chess.com"]

[Event "Titled Tuesday Blitz August 02 Early 2022"]
[White "Khripachenko, Alexander"]
[Black "Weetik, Vjacheslav"]
[WhiteFideId "54184975"]
[BlackFideId "4153472"]
[WhiteElo "2147"]
[BlackElo "2469"]
[Result "0-1"]
[Round "03"]
[TimeControl "180+1"]
[Date "2022.08.02"]
[WhiteClock "0:00:08"]
[BlackClock "0:00:27"]

1. e4 c6 2. d4 d5 3. e5 Bf5 4. Nd2 e6 5. Nb3 Nd7 6. Nf3 Bg6 7. Be2 Ne7 8. O-O Nf5 9. a4 Be7 10. g4 Nh6 11. Bxh6 gxh6 12. Qd2 h5 13. g5 Be4 14. Ne1 Bxg5 15. f4 Bh6 16. Bf3 Rg8+ 17. Ng2 Qh4 18. Kh1 Qh3 19. Qf2 O-O-O 20. Bxe4 dxe4 21. Nd2 f5 22. Ne3 Nb6 23. c3 Nd5 24. Ng2 Nxf4 25. Nxf4 Bxf4 26. Nc4 Rg4 27. Rg1 Rdg8 28. a5 Bxh2 29. Nd6+ Kd7 0-1


[Site "https://www.chess.com"]

[Event "Titled Tuesday Blitz August 02 Early 2022"]
[White "Le, Tuan Minh"]
[Black "Kosteniuk, Alexandra"]
[WhiteFideId "12401153"]
[BlackFideId "4128125"]
[WhiteElo "2530"]
[BlackElo "2469"]
[Result "0-1"]
[Round "03"]
[TimeControl "180+1"]
[Date "2022.08.02"]
[WhiteClock "0:00:02"]
[BlackClock "0:00:16"]

1. d4 Nf6 2. Nf3 d5 3. Bf4 c5 4. c3 Nc6 5. e3 cxd4 6. cxd4 g6 7. Nc3 Bg7 8. Be2 O-O 9. O-O Nh5 10. Bg5 h6 11. Bh4 g5 12. Nd2 Nf6 13. Bg3 a6 14. Rc1 Bf5 15. Na4 Bg6 16. Nc5 Qc8 17. Qb3 b5 18. Nf3 Na5 19. Qd1 Nc4 20. b3 Nd6 21. Ne5 Bf5 22. f4 gxf4 23. Bxf4 Qe8 24. Qe1 Kh7 25. Qh4 Rc8 26. g4 Bg6 27. g5 Nfe4 28. Kh1 Nf5 29. Qh3 Nxc5 30. dxc5 d4 31. exd4 Nxd4 32. Bg4 e6 33. Qe3 Nf5 34. Bxf5 Bxf5 35. gxh6 Bxe5 36. Qxe5 Qc6+ 37. Kg1 Rg8+ 38. Bg3 Rg6 39. Rc3 Rd8 40. Rcf3 Rd2 41. R3f2 Rd3 42. b4 f6 43. Qb8 e5 44. Rg2 Bh3 45. Rff2 Rd1+ 0-1


[Site "https://www.chess.com"]

[Event "Titled Tuesday Blitz August 02 Early 2022"]
[White "Mahdavi, Reza"]
[Black "Sarana, Alexey"]
[WhiteFideId "12595926"]
[BlackFideId "24133795"]
[WhiteElo "2265"]
[BlackElo "2666"]
[Result "0-1"]
[Round "03"]
[TimeControl "180+1"]
[Date "2022.08.02"]
[WhiteClock "0:00:11"]
[BlackClock "0:00:10"]

1. e4 c5 2. Nf3 d6 3. Bb5+ Nd7 4. Ba4 Nf6 5. Qe2 g6 6. O-O Bg7 7. c4 O-O 8. h3 Ne5 9. Nxe5 dxe5 10. Nc3 Nh5 11. d3 Nf4 12. Bxf4 exf4 13. e5 Bf5 14. Rad1 Qd4 15. Rfe1 Rad8 16. Nb5 Qd7 17. Nc3 Qe6 18. Nd5 g5 19. Bb3 Rd7 20. d4 cxd4 21. Rxd4 Qc6 22. Rdd1 h6 23. h4 Rc8 24. hxg5 hxg5 25. Qh5 Qh6 26. Qe2 Kf8 27. Ba4 Rdd8 28. Bc2 Qg6 29. Bxf5 Qxf5 30. b3 e6 31. Nc3 Kg8 32. Rxd8+ Rxd8 33. Nb5 Qd3 34. Nd6 Qxe2 35. Rxe2 Bxe5 36. Rxe5 Rxd6 37. Rxg5+ Kf8 38. Rc5 Rd1+ 39. Kh2 Rd2 40. f3 Rxa2 41. Rc7 b6 42. b4 Kg7 43. c5 bxc5 44. bxc5 Kg6 45. Kh3 a5 46. Ra7 a4 47. c6 a3 48. c7 Rc2 49. Rxa3 Rxc7 50. Ra4 e5 51. Ra5 Kf5 52. Ra8 f6 53. Rh8 Rc1 54. Kh2 Re1 55. Rh5+ Kg6 56. Rh8 Rd1 57. Rg8+ Kf5 58. Rh8 Rd7 59. Kh3 Kg6 60. Ra8 Rh7+ 0-1


[Site "https://www.chess.com"]

[Event "Titled Tuesday Blitz August 02 Early 2022"]
[White "Matinian, Nikita"]
[Black "Martinez Alcantara, Jose Eduardo"]
[WhiteFideId "24129100"]
[BlackFideId "3805662"]
[WhiteElo "2422"]
[BlackElo "2703"]
[Result "0-1"]
[Round "03"]
[TimeControl "180+1"]
[Date "2022.08.02"]
[WhiteClock "0:00:04"]
[BlackClock "0:00:19"]

1. e4 Nc6 2. Nf3 d6 3. d4 Nf6 4. Nc3 g6 5. d5 Nb8 6. h3 Bg7 7. Be3 O-O 8. Qd2 e6 9. dxe6 Bxe6 10. Bh6 Nc6 11. Bxg7 Kxg7 12. O-O-O Qe7 13. Ng5 h6 14. Nxe6+ fxe6 15. Be2 e5 16. g4 Nd4 17. h4 c6 18. g5 Ng8 19. f4 Rxf4 20. gxh6+ Kh7 21. Rdg1 Rxh4 22. Bc4 Rxh1 23. Rxh1 Rf8 24. Nd1 Nf6 25. Nf2 Nh5 26. Nh3 Nf4 27. Nxf4 Rxf4 28. c3 Nf3 29. Qe3 b5 30. Be2 Ng5 31. Bd3 Qf7 32. Kb1 Nf3 33. Be2 Nh4 34. a4 bxa4 35. Ka1 Qe7 36. Qh3 a3 37. Bc4 axb2+ 38. Kxb2 d5 39. exd5 Rxc4 40. d6 Qxd6 41. Qf3 Nxf3 0-1


[Site "https://www.chess.com"]

[Event "Titled Tuesday Blitz August 02 Early 2022"]
[White "Melikyan, Gnel"]
[Black "Livaic, Leon"]
[WhiteFideId "54109990"]
[BlackFideId "14531534"]
[WhiteElo "1772"]
[BlackElo "2540"]
[Result "1-0"]
[Round "03"]
[TimeControl "180+1"]
[Date "2022.08.02"]
[WhiteClock "0:00:18"]
[BlackClock "0:01:10"]

1. e4 c5 2. Nf3 d6 3. d4 cxd4 4. Nxd4 Nf6 5. Nc3 a6 6. Be3 e6 7. g4 h6 8. Bg2 e5 9. Nf5 g6 10. Qe2 gxf5 11. exf5 Nbd7 12. O-O-O Qc7 13. h4 Nb6 14. Bxb6 Qxb6 15. g5 Rg8 16. f4 Nd7 17. Nd5 Qc5 18. fxe5 dxe5 19. b4 Qd6 20. Nf6+ Nxf6 21. Rxd6 Bxd6 22. gxf6 Bxf5 23. Qf3 Be6 24. Qxb7 Rd8 25. Rd1 Kf8 26. Rxd6 Re8 27. Bc6 Rg1+ 28. Kb2 1-0


[Site "https://www.chess.com"]

[Event "Titled Tuesday Blitz August 02 Early 2022"]
[White "Molina, Roberto Junio Brito"]
[Black "Hosseinzadeh, Nima"]
[WhiteFideId "2109450"]
[BlackFideId "12505323"]
[WhiteElo "2432"]
[BlackElo "2066"]
[Result "0-1"]
[Round "03"]
[TimeControl "180+1"]
[Date "2022.08.02"]
[WhiteClock "0:00:23"]
[BlackClock "0:00:24"]

1. d4 Nf6 2. e3 g6 3. Nf3 Bg7 4. Be2 O-O 5. O-O d5 6. b4 a5 7. b5 c5 8. bxc6 Nxc6 9. a4 Bf5 10. Nc3 Nb4 11. Bd3 Nxd3 12. cxd3 Rc8 13. Nb5 Nd7 14. Bb2 Re8 15. Qb3 e5 16. dxe5 Nxe5 17. Nxe5 Bxe5 18. Bxe5 Rxe5 19. Nd4 Qe7 20. Rab1 Rc7 21. Rfd1 h5 22. Qb6 Rc3 23. Nxf5 Rxf5 24. Qxa5 d4 25. Qa8+ Kh7 26. e4 Rxf2 27. Qxb7 Qg5 28. e5 Rcc2 29. Kh1 Qxg2+ 30. Qxg2 Rxg2 31. Ra1 Rxh2+ 32. Kg1 h4 33. Rdc1 Rcg2+ 34. Kf1 h3 0-1


[Site "https://www.chess.com"]

[Event "Titled Tuesday Blitz August 02 Early 2022"]
[White "Nakamura, Hikaru"]
[Black "Beerdsen, Thomas"]
[WhiteFideId "2016192"]
[BlackFideId "1030108"]
[WhiteElo "2850"]
[BlackElo "2585"]
[Result "1-0"]
[Round "03"]
[TimeControl "180+1"]
[Date "2022.08.02"]
[WhiteClock "0:00:52"]
[BlackClock "0:00:13"]

1. Nf3 h6 2. e4 g5 3. d4 Bg7 4. Bc4 e6 5. c3 d6 6. Nbd2 Ne7 7. Nf1 g4 8. Ng1 h5 9. h3 d5 10. Bd3 dxe4 11. Bxe4 f5 12. Bc2 Nbc6 13. Bg5 e5 14. hxg4 exd4 15. gxh5 Qd5 16. h6 Be6 17. Bb3 Qe4+ 18. Qe2 Bxb3 19. axb3 dxc3 20. Qxe4 fxe4 21. O-O-O cxb2+ 22. Kb1 Be5 23. Ne2 a5 24. Ne3 a4 25. Nc4 axb3 26. Nxe5 Nxe5 27. Kxb2 Nd3+ 28. Rxd3 exd3 29. Nf4 Ra2+ 30. Kxb3 Rxf2 31. Re1 Rxf4 32. Rxe7+ Kf8 33. Rxc7 Re4 34. Bf6 d2 35. Kc2 Rxh6 36. Bg7+ Ke8 37. Bxh6 Rg4 38. Rg7 Rc4+ 39. Kxd2 b5 40. Kd3 Rc6 41. Bd2 Rd6+ 42. Kc2 Rc6+ 43. Kd1 Rc7 1-0


[Site "https://www.chess.com"]